 Dungeon Crawl Stone Soup version 0.30-a0-629-gd54f4be4f7 (webtiles) character file.

Game seed: 12285027227184736746

8905 IdlyInterested the Cleaver (level 11, -4/89 HPs)
             Began as a Demonspawn Gladiator on Jan 12, 2023.
             Slain by an orc warrior
             ... wielding a +0 trident
              (7 damage)
             ... on level 9 of the Dungeon.
             The game lasted 00:24:43 (7719 turns).

IdlyInterested the Cleaver (Demonspawn Gladiator)   Turns: 7719, Time: 00:24:44

Health: -4/89      AC: 16    Str: 22    XL:     11   Next: 16%
Magic:  11/11      EV:  8    Int: 12    God:
Gold:   470        SH:  0    Dex: 15    Spells: 10/10 levels left

rFire   + + .      SeeInvis .    l - +9 executioner's axe of the Magi {freeze, rF+ Will++ Str+4}
rCold   . . .      Faith    .    (shield currently unavailable)
rNeg    . . .      Spirit   .    K - +0 plate armour
rPois   +          Reflect  .    D - +1 hat
rElec   .          Harm     .    c - +1 cloak {Will+}
rCorr   .          Rampage  .    n - +0 pair of gloves
Will    +++..                    (no boots) Stlth
                                 (no amulet)
HPRegen 0.34/turn                o - ring of poison resistance
MPRegen 0.12/turn                t - ring of protection from fire

@: on berserk cooldown, slowed, very slow
A: claws 2, demonic guardian 1, spiny 2, big brain 1
a: no special abilities


You were on level 9 of the Dungeon.
You visited 2 branches of the dungeon, and saw 10 of its levels.
You also visited: Sewer.

You collected 702 gold pieces.
You spent 232 gold pieces at shops.

Inventory:

Hand Weapons
 l - the +9 executioner's axe of the Magi (weapon) {freeze, rF+ Will++ Str+4}
   (You acquired it on level 3 of the Dungeon)

   Str:       It affects your strength (+4).
   rF:        It protects you from fire.
   Will:      It greatly increases your willpower.
 s - the +7 mace "Xavviwof" {antimagic, Int+5}
   (You found it on level 3 of the Dungeon)

   Int:       It affects your intelligence (+5).
 y - a +1 war axe
 I - a +4 antimagic spear
 M - a +2 trident of flaming
Missiles
 d - 6 throwing nets
 e - a javelin
 j - 99 stones (quivered)
 w - 10 boomerangs
Armour
 c - a +1 cloak of willpower (worn)
 n - a +0 pair of gloves (worn)
 v - a +0 helmet
 D - a +1 hat (worn)
 K - a +0 plate armour (worn)
 P - +0 steam dragon scales
 R - a +2 buckler
Jewellery
 o - a ring of poison resistance (left hand)
 t - a ring of protection from fire (right hand)
 E - a +6 ring of intelligence
 H - a ring of protection from fire
 O - a ring of fire
 Q - an amulet of faith
Wands
 q - a wand of iceblast (6)
 z - a wand of paralysis (6)
 A - a wand of flame (33)
Scrolls
 f - 3 scrolls of amnesia
 g - 2 scrolls of enchant weapon
 p - 6 scrolls of identify
 B - 7 scrolls of teleportation
 C - 2 scrolls of immolation
 F - 3 scrolls of fear
 G - a scroll of magic mapping
 J - a scroll of fog
 N - 2 scrolls of poison
Potions
 b - 2 potions of magic
 h - 8 potions of curing
 i - 8 potions of flight
 k - 2 potions of haste
 m - 4 potions of heal wounds
 r - 3 potions of cancellation
 u - a potion of ambrosia
 L - a potion of brilliance


   Skills:
 * Level 9.4 Fighting
 + Level 11.8 Axes
 - Level 2.0 Throwing
 * Level 5.2 Armour
 - Level 4.0 Dodging
 - Level 2.0 Stealth
 - Level 2.0 Shields
 - Level 2.0 Evocations


You had 10 spell levels left.
You didn't know any spells.
Your spell library contained the following spells:

 Spells                   Type           Power      Damage    Failure   Level
 Kiss of Death            Conj/Necr      0%         2d5       100%        1
 Necrotise                Necr           0%         1d4       100%        1
 Cigotuvi's Dreadful Rot  Necr/Pois/Air  0%         N/A       100%        2
 Ensorcelled Hibernation  Hex/Ice        0%         N/A       100%        2
 Passwall                 Tmut/Erth      0%         N/A       100%        2
 Scorch                   Fire           0%         2d5       100%        2
 Ignite Poison            Fire/Tmut/Pois 0%         N/A       100%        3
 Swiftness                Air            0%         N/A       100%        3
 Vampiric Draining        Necr           0%         2d6       100%        3
 Dispel Undead            Necr           0%         3d6       100%        4
 Sticky Flame             Conj/Fire      0%         2d3       100%        4
 Summon Ice Beast         Ice/Summ       0%         N/A       100%        4
 Agony                    Necr           0%         N/A       100%        5
 Alistair's Intoxication  Tmut/Pois      0%         N/A       100%        5
 Borgnjor's Vile Clutch   Necr/Erth      0%         N/A       100%        5
 Summon Mana Viper        Hex/Summ       0%         N/A       100%        5
 Death Channel            Necr           0%         N/A       100%        6
 Eringya's Noxious Bog    Tmut/Pois      0%         N/A       100%        6
 Monstrous Menagerie      Summ           0%         N/A       100%        7
 Ignition                 Fire           0%         3d3       100%        8
 Necromutation            Tmut/Necr      0%         N/A       100%        8


Dungeon Overview and Level Annotations

Branches:
Dungeon (9/15)             Temple (1/1) D:5            Lair (0/5) D:9
    Orc (0/2) D:9           Sewer (visited)

Altars:
Ashenzari
Cheibriados
Dithmenos
Fedhas
Gozag
Hepliaklqana
Kikubaaqudgha
Makhleb
Nemelex Xobeh
Okawaru
Qazlal
Ru
Sif Muna
Trog
Uskayaw
Vehumet
Wu Jian
Xom
Yredelemnul

Shops:
D:5 ?


Innate Abilities, Weirdness & Mutations

You have very sharp fingernails.
A weak demonic guardian rushes to your aid.
You are mostly covered in sharp spines.
You have an unusually large brain. (Int +2)


Message History

An orc comes into view. It is wielding a +0 club.
The steam dragon bites you!
* * * LOW HITPOINT WARNING * * *
The steam dragon claws you but does no damage.
You slash the steam dragon! You freeze the steam dragon.
The steam dragon is moderately wounded.
The orc priest invokes the aid of Beogh against you.
Beogh smites you!
* * * LOW HITPOINT WARNING * * *
A demonic guardian appears!
The steam dragon is struck by your spines.
The steam dragon bites you.
* * * LOW HITPOINT WARNING * * *
The steam dragon barely misses you.
The orc hits your white imp with a +0 dagger.
The steam dragon is struck by your spines.
The steam dragon bites you but does no damage.
The steam dragon completely misses you.
You slash the steam dragon! You freeze the steam dragon.
You kill the steam dragon!
The steam dragon scales are intact enough to wear.
You slash the orc priest! You freeze the orc priest.
The orc priest hits you but does no damage.
The orc warrior barely misses your white imp.
Your white imp closely misses the orc warrior.
The orc drinks a potion.
The orc seems to speed up.
The orc priest is struck by your spines.
You kill the orc priest!
The orc warrior hits your white imp with a +0 trident!
Your white imp barely misses the orc warrior.
The orc is struck by your spines.
You kill the orc!
The orc drinks a potion.
The orc seems to grow stronger.
The orc warrior hits you but does no damage.
Your white imp gestures at the orc warrior.
The puff of frost hits the orc warrior.
Items here: ! $ ) [ †.
A swamp drake comes into view.
The orc warrior hits you from afar with a +0 trident!
You die...

####################
...................#
................#..#
...............!#))###
k.....o....)...)))...#
..>...o5##)...))...#.#
.......@[......)...#.#
........)..........#.#
####################.#
............# #..#
............#######.####
#.##....................
##.##..........#########.
#..##........#.## ##..
#............#..## #...


You could see a swamp drake (distracted), an orc warrior (ally target), an orc
(strong) and a friendly white imp (summoned).

Vanquished Creatures
  A two-headed ogre (D:9)
  Pikel (D:8)
  Joseph (D:8)
  Maurice (D:8)
  A rime drake (D:9)
  Maggie (D:8)
  A troll (D:9)
  Prince Ribbit (D:8)
  A wraith (D:7)
  A shadow (D:7)
  A wyvern (D:7)
  Eustachio (D:6)
  4 yaks (D:7)
  2 steam dragons (D:9)
  A water moccasin (D:8)
  7 ice beasts
  A sky beast (D:6)
  4 orc warriors
  4 wolves (D:9)
  2 ogres (D:4)
  4 centaurs
  2 lemures (D:8)
  Blork the orc (D:6)
  5 necrophages
  2 bullfrogs (D:8)
  5 scorpions
  A water moccasin zombie (D:5)
  A wyvern zombie (D:5)
  3 gnoll sergeants
  A water moccasin skeleton (D:5)
  8 killer bees
  2 howler monkeys
  A bullfrog zombie (D:5)
  3 hounds
  A bullfrog skeleton (D:5)
  Crazy Yiuf (D:3)
  A centaur skeleton (D:5)
  8 orc priests
  A gnoll bouda (D:7)
  A jelly (D:5)
  Jessica (D:3)
  4 iguanas
  A merfolk siren (Sewer)
  7 orc wizards
  A merfolk avatar (Sewer)
  A hound skeleton (D:5)
  A howler monkey zombie (D:5)
  Robin (D:3)
  2 river rats (Sewer)
  8 adders
  16 gnolls
  2 white imps
  2 ufetubi (D:6)
  An adder skeleton (D:5)
  A worm (D:2)
  A dart slug (D:1)
  29 orcs
  7 ball pythons
  4 bats
  6 endoplasms
  16 giant cockroaches
  14 goblins
  10 hobgoblins
  12 jackals
  7 kobolds
  8 quokkas
  6 frilled lizards
  23 rats
281 creatures vanquished.

Vanquished Creatures (others)
  2 orcs (D:9)
  A withered plant (D:5)
3 creatures vanquished.

Grand Total: 284 creatures vanquished

Notes
Turn   | Place    | Note
-------+----------+-------------------------------------------
     0 | D:1      | IdlyInterested the Demonspawn Gladiator began the quest for
                  | the Orb.
     0 | D:1      | Reached XP level 1. HP: 16/16 MP: 1/1
    96 | D:1      | Reached skill level 3 in Axes
    96 | D:1      | Gained mutation: You are partially covered in sharp spines.
                  | [demonic ancestry]
    96 | D:1      | Reached XP level 2. HP: 12/22 MP: 2/2
   381 | D:1      | Reached skill level 1 in Stealth
   537 | D:2      | Reached XP level 3. HP: 28/28 MP: 3/3
  1017 | D:2      | Gained mutation: You have sharp fingernails. [demonic
                  | ancestry]
  1017 | D:2      | Reached XP level 4. HP: 34/34 MP: 4/4
  1064 | D:2      | Reached skill level 1 in Armour
  1268 | D:2      | Found a faded altar of an unknown god.
  1602 | D:3      | Noticed Jessica
  1605 | D:3      | Killed Jessica
  1614 | D:3      | Identified the +7 mace "Xavviwof" {antimagic, Int+5}
  1623 | D:3      | Noticed Robin
  1640 | D:3      | Killed Robin
  1648 | D:3      | Reached skill level 4 in Axes
  1887 | D:3      | Gained mutation: You have very sharp fingernails. [demonic
                  | ancestry]
  1887 | D:3      | Reached XP level 5. HP: 31/41 MP: 1/5
  1899 | D:3      | Identified 2 scrolls of acquirement
  1899 | D:3      | Acquired a +0 cloak of willpower
  1908 | D:3      | Acquired the +9 executioner's axe of the Magi {freeze, rF+
                  | Will++ Str+4}
  2124 | D:3      | Found a runed translucent door.
  2125 | D:3      | Noticed Crazy Yiuf
  2368 | D:3      | Found a sparkling altar of Nemelex Xobeh.
  2372 | D:3      | Found a broken altar of Ashenzari.
  2385 | D:3      | Found a shadowy altar of Dithmenos.
  2407 | D:3      | Found a basalt altar of Yredelemnul.
  2453 | D:3      | Found a shimmering blue altar of Sif Muna.
  2514 | D:3      | Killed Crazy Yiuf
  2825 | D:4      | Noticed an ogre
  2827 | D:4      | Noticed an ogre
  2836 | D:4      | Killed an ogre
  2837 | D:4      | Gained mutation: You are mostly covered in sharp spines.
                  | [demonic ancestry]
  2837 | D:4      | Reached XP level 6. HP: 28/48 MP: 6/6
  3477 | D:5      | Entered Level 5 of the Dungeon
  3479 | D:5      | Reached skill level 5 in Axes
  3481 | D:5      | Gained mutation: You have an unusually large brain. (Int
                  | +2) [demonic ancestry]
  3481 | D:5      | Reached XP level 7. HP: 55/55 MP: 7/7
  3525 | D:5      | Found a glowing drain.
  3535 | Sewer    | Entered a sewer
  3858 | D:5      | Reached skill level 5 in Fighting
  3858 | D:5      | Reached skill level 1 in Evocations
  3860 | D:5      | Reached skill level 6 in Axes
  3975 | D:5      | Reached XP level 8. HP: 62/62 MP: 8/8
  4010 | D:5      | Reached skill level 7 in Axes
  4128 | D:5      | Found Gelarafa's Magic Scroll Boutique.
  4145 | D:5      | Bought a scroll of immolation for 60 gold pieces
  4145 | D:5      | Bought a scroll of fear for 60 gold pieces
  4145 | D:5      | Bought a scroll of magic mapping for 112 gold pieces
  4308 | D:5      | Found a staircase to the Ecumenical Temple.
  4317 | Temple   | Entered the Ecumenical Temple
  4681 | D:6      | Noticed Blork the orc
  4689 | D:6      | Killed Blork the orc
  4742 | D:6      | Reached skill level 8 in Axes
  4881 | D:6      | Reached XP level 9. HP: 71/71 MP: 9/9
  5108 | D:6      | Noticed Eustachio
  5112 | D:6      | Killed Eustachio
  5633 | D:7      | Reached skill level 9 in Axes
  5669 | D:7      | Reached skill level 1 in Shields
  5936 | D:7      | Reached skill level 10 in Axes
  6081 | D:7      | Gained mutation: A weak demonic guardian rushes to your
                  | aid. [demonic ancestry]
  6081 | D:7      | Reached XP level 10. HP: 74/80 MP: 10/10
  6477 | D:8      | Noticed Maurice
  6497 | D:8      | Noticed Maggie
  6501 | D:8      | Killed Maggie
  6508 | D:8      | Killed Maurice
  6516 | D:8      | Noticed Joseph
  6540 | D:8      | Killed Joseph
  6867 | D:8      | Noticed Pikel
  6871 | D:8      | Killed Pikel
  6872 | D:8      | Reached skill level 11 in Axes
  6902 | D:8      | Noticed Prince Ribbit
  6904 | D:8      | Killed Prince Ribbit
  7518 | D:9      | Found a staircase to the Lair.
  7609 | D:9      | Got the Quarto of Twisted Pyromancy
  7694 | D:9      | Reached XP level 11. HP: 50/89 MP: 11/11
  7697 | D:9      | Noticed a two-headed ogre
  7703 | D:9      | Killed a two-headed ogre
  7704 | D:9      | Reached skill level 5 in Armour
  7715 | D:9      | Found a staircase to the Orcish Mines.
  7716 | D:9      | HP: 2/89 [steam dragon (5)]
  7719 | D:9      | Slain by an orc warrior

Illustrated notes

Levels and vault maps discovered:
D:1:      shiori_arrival_maze, layout_rooms
D:2:      layout_basic, shapermc_ecumenical_altar_ellora, st_stairs_8,
          nrook_uturn
D:3:      layout_rooms, mainiacjoe_overflow_six_doors_small,
          minmay_overflow_temple_star_hex, uniq_robin, uniq_jessica,
          uniq_crazy_yiuf_cottage
D:4:      layout_basic
D:5:      layout_rooms, minmay_temple_entry_arrows, serial_shops, shop,
          gup_sewer_entry_pipe, serial_undead, serial_undead_d, serial_undead_e,
          serial_undead_c, serial_undead_b
D:6:      layout_basic, st_stairs_5, corexii_corridor_pit, uniq_blork_the_orc,
          uniq_eustachio
D:7:      layout_cave_pools, kennysheep_generic_room_15
D:8:      layout_loops_ring, grunt_decor_mini_mirrors, uniq_joseph,
          uniq_maurice, uniq_maggie, uniq_pikel, uniq_prince_ribbit1
D:9:      layout_rooms, hellmonk_lair_entry_icy, erik_orc_1
Temple:   eino_temple_scatter_basement

Skill      XL: |  1  2  3  4  5  6  7  8  9 10 11 |
---------------+----------------------------------+-----
Axes           | 3 4 5 6 8 10 11 | 11.8
Stealth        | 1 2 |  2.0
Armour         | 1 2 3 4 5 |  5.2
Fighting       | 3 4 5 6 7 9 |  9.4
Dodging        | 3 4 |  4.0
Evocations     | 1 2 |  2.0
Shields        | 2 |  2.0
Throwing       | 2 |  2.0

Action                   |  1- 3 |  4- 6 |  7- 9 | 10-12 || total
-------------------------+-------+-------+-------+-------++-------
Melee: War axe           |    75 |    11 |       |       ||    86
       Punch             |     2 |       |       |       ||     2
       Mace              |       |    17 |       |       ||    17
       Executioner's axe |       |    30 |   152 |   114 ||   296
Throw: Stone             |    12 |     3 |       |       ||    15
       Javelin           |       |     1 |       |       ||     1
       Throwing net      |       |     1 |       |       ||     1
Evoke: Wand              |       |       |     2 |       ||     2
  Use: Scroll            |     4 |     8 |     7 |     1 ||    20
       Potion            |     1 |     2 |       |     1 ||     4
 Stab: Held in net/web   |       |     2 |       |       ||     2
Armor: Chain mail        |    53 |    34 |    83 |       ||   170
       Leather armour    |     1 |       |       |       ||     1
       Plate armour      |       |       |    14 |    92 ||   106
Dodge: Dodged            |    25 |    16 |    69 |    58 ||   168

Table legend: (Time is in decaauts)
 A = Elapsed time spent in this place.
 B = Non-inter-level travel time spent in this place.
 C = Inter-level travel time spent in this place.
 D = Time resting spent in this place.
 E = Time spent auto-exploring this place.
 F = Levels seen in this place.
 G = Mean time per level.
                   A        B        C        D        E       F      G
               +--------+--------+--------+--------+--------+-----+--------+
         Total |   7969 |   7120 |    849 |    505 |   4442 |  11 |  724.5 |
       Dungeon |   7500 |   6659 |    841 |    505 |   4283 |   9 |  833.3 |
        Temple |    167 |    159 |      8 |      0 |    142 |   1 |  167.0 |
         Sewer |    301 |    301 |      0 |      0 |     17 |   1 |  301.0 |
               +--------+--------+--------+--------+--------+-----+--------+

Top non-repeatable levels by time:
     D:2: 1193 daAuts
     D:3: 939 daAuts
     D:6: 928 daAuts
     D:4: 851 daAuts
     D:8: 826 daAuts
     D:7: 812 daAuts
     D:5: 759 daAuts
     D:1: 636 daAuts
     D:9: 551 daAuts
   Sewer: 301 daAuts
  Temple: 167 daAuts
